 Dungeon Crawl Stone Soup version 0.26.1-11-gd32895ea62 (webtiles) character file.

Game seed: 1162955894297891063

1428 buriedalive the Frost Mage (level 8, -2/41 HPs)
             Began as a Deep Elf Ice Elementalist on May 25, 2021.
             Slain by a sky beast (6 damage)
             ... on level 6 of the Dungeon.
             The game lasted 00:16:10 (10236 turns).

buriedalive the Frost Mage (DEIE)                  Turns: 10236, Time: 00:16:11

Health: -2/41      AC:  4    Str:  5    XL:     8   Next: 44%
Magic:  12/17      EV: 18    Int: 23    God:
Gold:   452        SH:  0    Dex: 15    Spells: 8/17 levels left

rFire    . . .     SeeInvis +   w - +2 flail (vorpal)
rCold    . . .     Faith    .   (no shield)
rNeg     . . .     Spirit   .   a - +0 robe
rPois    .         Reflect  .   A - +1 helmet {SInv}
rElec    .         Harm     .   (no cloak)
rCorr    .         Rampage  .   (no gloves)
Will     .....                  (no boots)
Stlth    ++........             (no amulet)
HPRegen  0.13/turn              (no ring)
MPRegen  0.15/turn              (no ring)

@: no status effects
A: no striking features
a: no special abilities


You were on level 6 of the Dungeon.
You visited 1 branch of the dungeon, and saw 7 of its levels.

You collected 452 gold pieces.

Inventory:

Hand Weapons
 d - a +0 short sword
 f - a +0 dagger
 o - a +0 rapier
 w - a +2 vorpal flail (weapon)
Missiles
 b - 176 stones
 j - 33 poisoned darts (quivered)
 l - 8 atropa-tipped darts
Armour
 a - a +0 robe (worn)
 t - a +0 helmet
 A - a +1 helmet of see invisible (worn)
Jewellery
 u - an uncursed amulet of regeneration {unknown}
 y - an uncursed ring of fire
Wands
 C - a wand of flame (12)
Scrolls
 c - 4 scrolls of teleportation
 g - a scroll of random uselessness {unknown}
 i - 3 scrolls of enchant weapon {unknown}
 m - 7 scrolls of blinking {unknown}
 p - 4 scrolls of remove curse {unknown}
 q - a scroll of enchant armour {unknown}
 s - 3 scrolls of identify {unknown}
 v - 2 scrolls of immolation {unknown}
 x - a scroll of fear {unknown}
 z - a scroll of noise {unknown}
 B - a scroll of amnesia {unknown}
Potions
 e - a potion of haste {unknown}
 h - a potion of might {unknown}
 k - 2 potions of degeneration {unknown}
 n - 2 potions of heal wounds {unknown}
 r - a potion of attraction {unknown}
 D - a potion of curing


   Skills:
 + Level 8.8 Dodging
 - Level 2.4 Stealth
 - Level 5.0 Spellcasting
 + Level 9.0 Ice Magic


You had 8 spell levels left.
You knew the following spells:

 Your Spells              Type           Power        Failure   Level
a - Freeze                Ice            100%         1%          1
b - Frozen Ramparts       Ice            94%          1%          3
c - Ozocubu's Armour      Ice            47%          1%          3
d - Blink                 Tloc           N/A          14%         2

Your spell library contained the following spells:

 Spells                   Type           Power        Failure   Level
 Magic Dart               Conj           20%          10%         1
 Call Imp                 Summ           5%           14%         2
 Slow                     Hex            5%           14%         2
 Hailstorm                Conj/Ice       26%          14%         4
 Summon Ice Beast         Ice/Summ       26%          14%         4
 Conjure Flame            Conj/Fire      5%           28%         3
 Mephitic Cloud           Conj/Pois/Air  5%           28%         3


Dungeon Overview and Level Annotations

Branches:
Dungeon (7/15)
 Temple: D:4-7

Altars:
Dithmenos
Fedhas
Kikubaaqudgha
Qazlal
Vehumet
Yredelemnul

Annotations:
D:5 1 transporter


Message History

Press: ? - help, Shift-Dir - straight line, f/p - sky beast
Aim: a sky beast (heavily wounded, slightly transparent)
You freeze the sky beast.
The sky beast is heavily wounded.
The sky beast hits you.
* * * LOW HITPOINT WARNING * * *
The sky beast shocks you.
* * * LOW HITPOINT WARNING * * *
Unknown command.
Casting: Freeze (safe; 1% risk of failure)
Confirm with . or Enter, or press ? or * to list all spells.
Aiming: Freeze (safe; 1% risk of failure)
Press: ? - help, Shift-Dir - straight line, f/p - sky beast
Aim: a sky beast (heavily wounded, slightly transparent)
You freeze the sky beast.
The sky beast is severely wounded.
The sky beast hits you.
* * * LOW HITPOINT WARNING * * *
The sky beast shocks you.
You die...

............
..........
........
......# ...$.
.$. #Y# #@#
############
#.#
...........#
#.#
##...#####.##
#.# #...#
#..# #.#
#...# ##.##
#.# #...#
#..# #.#
#...#
####.###.#
#...#
#.....##'###


You could see a sky beast (invisible).

Vanquished Creatures
  2 ogres (D:4)
  A phantom (D:5)
  A big kobold (D:7)
  5 bullfrogs
  A scorpion (D:5)
  A howler monkey (D:5)
  A centaur zombie (D:5)
  A bullfrog zombie (D:5)
  2 hounds (D:4)
  5 orc wizards
  5 worker ants
  A hound skeleton (D:4)
  A worker ant zombie (D:5)
  9 gnolls
  6 adders
  A shadow imp (D:6)
  An ufetubus (D:6)
  2 worms
  6 dart slugs
  5 leopard geckos
  22 orcs
  5 giant cockroaches
  9 goblins
  11 hobgoblins
  6 jackals
  A quokka (D:5)
  5 bats
  6 frilled lizards
  16 kobolds
  A leopard gecko skeleton (D:6)
  5 rats
  A spectral orc (D:2)
145 creatures vanquished.

Vanquished Creatures (others)
  23 plants
  5 withered plants (D:2)
28 creatures vanquished.

Grand Total: 173 creatures vanquished

Notes
Turn   | Place    | Note
-------+----------+-------------------------------------------
     0 | D:1      | buriedalive the Deep Elf Ice Elementalist began the quest
                  | for the Orb.
     0 | D:1      | Reached XP level 1. HP: 10/10 MP: 6/6
   315 | D:1      | Reached XP level 2. HP: 12/15 MP: 2/8
  1540 | D:2      | Reached skill level 5 in Ice Magic
  1540 | D:2      | Reached XP level 3. HP: 19/19 MP: 5/9
  1874 | D:2      | Found an ancient bone altar of Kikubaaqudgha.
  1874 | D:2      | Found a blossoming altar of Fedhas.
  2144 | D:2      | Found a basalt altar of Yredelemnul.
  2250 | D:2      | Found a stormy altar of Qazlal.
  2623 | D:2      | Learned a level 3 spell: Frozen Ramparts
  2627 | D:2      | Learned a level 3 spell: Ozocubu's Armour
  2648 | D:2      | Reached XP level 4. HP: 18/24 MP: 8/10
  3341 | D:3      | Learned a level 2 spell: Blink
  4533 | D:3      | Reached XP level 5. HP: 25/28 MP: 9/11
  4706 | D:4      | Reached skill level 5 in Dodging
  4706 | D:4      | Reached skill level 6 in Ice Magic
  5250 | D:4      | Reached XP level 6. HP: 13/32 MP: 6/14
  5567 | D:4      | Found a shadowy altar of Dithmenos.
  6249 | D:4      | Reached skill level 5 in Spellcasting
  6524 | D:4      | Reached skill level 7 in Ice Magic
  6524 | D:4      | Reached XP level 7. HP: 36/36 MP: 7/16
  7262 | D:5      | Entered Level 5 of the Dungeon
  7262 | D:5      | Found a blossoming altar of Fedhas.
  7626 | D:5      | Found a transporter.
  7695 | D:5      | Found a transporter.
  7838 | D:5      | HP: 1/36 [orc priest/divine providence (10)]
  8655 | D:5      | Found a radiant altar of Vehumet.
  9318 | D:6      | Reached skill level 8 in Ice Magic
  9472 | D:6      | Reached XP level 8. HP: 34/41 MP: 14/17
 10122 | D:6      | Reached skill level 9 in Ice Magic
 10236 | D:6      | Slain by a sky beast

Illustrated notes

Levels and vault maps discovered:
D:1:      matt_arrival_grand_opening, layout_loops_corners
D:2:      minmay_chambers_of_twos, layout_loops_cross,
          grunt_temple_overflow_growth_and_decay, lemuel_crystal_altar,
          yredelemnul_forgotten_temple_becter, serial_forest,
          infiniplex_forest_lined_1, infiniplex_forest_clump_medium,
          infiniplex_forest_straight_2, infiniplex_forest_straight_3,
          infiniplex_forest_straight_5
D:3:      layout_basic, grunt_decor_clamped
D:4:      wad_lake_hut, layout_basic, grunt_dithmenos_smoke_and_mirrors
D:5:      gammafunk_wand_slinger, layout_loops_ring,
          lemuel_coloured_pillars_altar, grunt_ministairs_6, fedhas_altar_3
D:6:      layout_basic, nicolae_overflow_hidden_temple, minivault_11,
          uniq_grinder, uniq_crazy_yiuf_cottage
D:7:      layout_cave_pools, lemuel_round_altar, minmay_temple_entry_trees,
          serial_gnoll_camp, gnoll_camp_mini_hut, gnoll_camp_mini_hut,
          gnoll_camp_medium_02, grums_kennel, uniq_duvessa, uniq_pikel

Skill      XL: |  1  2  3  4  5  6  7  8 |
---------------+-------------------------+-----
Dodging        | 3 4 5 6 7 8 |  8.8
Ice Magic      | 5 6 7 8 9 |  9.0
Spellcasting   | 4 5 |  5.0
Stealth        | |  2.4

Action                   |  1- 3 |  4- 6 |  7- 9 || total
-------------------------+-------+-------+-------++-------
Melee: Short sword       |     6 |       |       ||     6
       Dagger            |    37 |       |       ||    37
       Rapier            |    30 |    24 |       ||    54
       Flail             |       |    31 |   101 ||   132
Throw: Dart              |       |     2 |    12 ||    14
 Cast: Freeze            |    43 |    52 |    36 ||   131
       Ozocubu's Armour  |       |     7 |     8 ||    15
       Frozen Ramparts   |       |     7 |    10 ||    17
Evoke: Wand              |       |       |     1 ||     1
  Use: Potion            |       |       |     3 ||     3
       Scroll            |       |       |     1 ||     1
 Stab: Sleeping          |     8 |     9 |       ||    17
Armor: Robe              |    21 |     9 |    21 ||    51
Dodge: Dodged            |    68 |    76 |   134 ||   278
